 Dungeon Crawl Stone Soup version 0.30.1-4-g462c640d31 (webtiles) character file.

Game seed: 16720134754998145141

24978 Anriel the Basher (level 13, -7/92 HPs)
             Began as a Human Gladiator on Aug 31, 2023.
             Was the Champion of Okawaru.
             Constricted to death by Jorgrun (20 damage)
             ... on level 13 of the Dungeon on Sept 1, 2023.
             The game lasted 00:59:47 (10416 turns).

Anriel the Basher (Human Gladiator)                Turns: 10416, Time: 00:59:48

Health: -7/92      AC: 31    Str: 21    XL:     13   Next: 47%
Magic:  17/17      EV:  5    Int: 12    God:    Okawaru [******]
Gold:   885        SH: 10    Dex: 15    Spells: 12/12 levels left

rFire   . . .        a - +6 eveningstar of Boubloiju {freeze, +Blink rC+ SInv}
rCold   + . .        Q - +2 buckler of Depression {rElec}
rNeg    + . .        E - +5 plate armour "Wesopn" {Harm rPois Int+3}
rPois   +            c - +2 helmet
rElec   +            S - +1 cloak
rCorr   .            x - +2 pair of gloves of the Sea {Str+2}
SInv    +            p - +1 pair of boots
Will    .....        z - amulet of reflection Stlth
                     T - ring of positive energy
HPRegen 0.35/turn    (no ring)
MPRegen 0.15/turn

%: harm (+30% outgoing, +20% incoming), reflection
@: grasped by roots, constricted
A: no striking features
a: Renounce Religion, Evoke Blink, Heroism, Finesse, Duel


You were on level 13 of the Dungeon.
You worshipped Okawaru.
Okawaru was exalted by your worship.
You visited 2 branches of the dungeon, and saw 14 of its levels.
You also visited: Sewer.

You collected 885 gold pieces.

Inventory:

Hand Weapons
 a - the +6 eveningstar of Boubloiju (weapon) {freeze, +Blink rC+ SInv}
   (You acquired it on level 3 of the Dungeon)

   rC:        It protects you from cold.
   SInv:      It lets you see invisible.
   +Blink:    It lets you blink.
 t - a +1 morningstar of protection
 L - the +10 mace "Sedigash" {speed, rF++ Dex+3}
   (You found it on level 10 of the Dungeon)

   Dex:       It affects your dexterity (+3).
   rF:        It greatly protects you from fire.
Missiles
 b - 4 javelins
 r - a throwing net
 H - 3 boomerangs of dispersal
 M - a silver javelin
 P - 2 boomerangs (quivered)
Armour
 c - a +2 helmet (worn)
 o - a +0 troll leather armour {Pargi}
 p - a +1 pair of boots (worn)
 v - a +2 chain mail of positive energy
 x - the +2 pair of gloves of the Sea (worn) {Str+2}
   (Okawaru gifted it to you on level 10 of the Dungeon)

   Str:       It affects your strength (+2).
 E - the +5 plate armour "Wesopn" (worn) {Harm rPois Int+3}
   (You found it on level 8 of the Dungeon)

   Int:       It affects your intelligence (+3).
   rPois:     It protects you from poison.
   Harm:      It increases damage dealt and taken.
 Q - the +2 buckler of Depression (worn) {rElec}
   (Okawaru gifted it to you on level 12 of the Dungeon)

   rElec:     It insulates you from electricity.
 S - a +1 cloak (worn)
Jewellery
 z - an amulet of reflection (around neck)
 B - a ring of ice
 D - a ring of ice
 F - a ring of see invisible
 I - an amulet of the acrobat
 T - a ring of positive energy (left hand)
Wands
 g - a wand of paralysis (11)
 C - a wand of mindburst (23)
 G - a wand of roots (4)
 R - a wand of flame (8)
Scrolls
 d - a scroll of silence
 h - 4 scrolls of fear
 j - 5 scrolls of magic mapping
 k - a scroll of summoning
 q - 3 scrolls of blinking
 s - 2 scrolls of teleportation
 u - 4 scrolls of poison
 y - 4 scrolls of immolation
 K - 2 scrolls of fog
 O - 3 scrolls of identify
Potions
 e - 3 potions of haste
 f - 4 potions of flight
 i - a potion of might
 l - 2 potions of heal wounds
 m - a potion of lignification
 n - 9 potions of curing
 w - 4 potions of cancellation
 A - a potion of ambrosia
 J - a potion of magic
 N - a potion of brilliance


   Skills:
 - Level 5.5 Fighting
 + Level 12.6 Maces & Flails
 * Level 6.8 Throwing
 - Level 10.0 Armour
 - Level 5.5 Dodging
 + Level 6.3 Invocations
 - Level 10.6 Evocations


You had 12 spell levels left.
You didn't know any spells.
Your spell library contained the following spells:

 Spells                   Type           Power      Damage    Failure   Level
 Kiss of Death            Conj/Necr      0%         2d5       100%        1
 Confusing Touch          Hex            0%         N/A       100%        3
 Dazzling Flash           Conj/Hex       0%         N/A       100%        3
 Volatile Blastmotes      Fire/Tloc      0%         2d10      100%        3
 Dispel Undead            Necr           0%         3d6       100%        4
 Iskenderun's Mystic Bla  Conj/Tloc      0%         2d3       100%        4
 Blade Hands              Tmut           0%         N/A       100%        5
 Irradiate                Conj/Tmut      0%         3d11      100%        5
 Iron Shot                Conj/Erth      0%         9d1       100%        6
 Starburst                Conj/Fire      0%         6d3       100%        6
 Dragon Form              Tmut           0%         N/A       100%        7
 Storm Form               Tmut/Air       0%         N/A       100%        7
 Maxwell's Capacitive Co  Air            0%         ∞         100%        8
 Animate Armour           Summ/Erth      Unusable   N/A       N/A         4
 Summon Lightning Spire   Summ/Air       Unusable   N/A       N/A         4

Dungeon Overview and Level Annotations

Branches:
Dungeon (13/15)            Temple (1/1) D:5            Lair (0/5) D:10
    Orc (0/2) D:10          Sewer (visited)
 Vaults: D:13-14

Altars:
Ashenzari
Cheibriados
Dithmenos
Elyvilon
Fedhas
Gozag
Hepliaklqana
Kikubaaqudgha
Makhleb
Nemelex Xobeh
Okawaru
Qazlal
Ru
Sif Muna
Trog
Uskayaw
Vehumet
Wu Jian
Xom
Yredelemnul
Zin
The Shining One

Shops:
D:5 (   D:13 (

Portals:
Trove: D:11 (give 17 potions of curing)

Annotations:
D:13 Jorgrun


Message History

You barely miss Jorgrun. Jorgrun hits you but does no damage.
You barely miss Jorgrun. You closely miss Jorgrun. You block Jorgrun's attack.
You miss Jorgrun. You block Jorgrun's attack.
You puncture Jorgrun! You freeze Jorgrun!
Jorgrun is moderately wounded.
Jorgrun hits you with a staff of earth.
You impale Jorgrun!! You freeze Jorgrun!
Jorgrun is heavily wounded.
Jorgrun points at you and mumbles some strange words.
Roots burst forth from the earth!
The grasping roots grab you! The grasping roots constrict you!
You miss Jorgrun.
Jorgrun is heavily wounded.
Jorgrun points next to you and mumbles some strange words.
The wall shatters!
The blast of rock fragments hits you but does no damage.
The grasping roots constrict you.
You closely miss Jorgrun.
Jorgrun is heavily wounded.
Jorgrun gestures at you while chanting.
You are slowing down.
The grasping roots constrict you.
You feel limber!
You feel magically purged. You block Jorgrun's attack.
The grasping roots constrict you.
You sock Jorgrun! You freeze Jorgrun.
Jorgrun is severely wounded.
You block Jorgrun's attack. The grasping roots constrict you.
You puncture Jorgrun! You freeze Jorgrun!
Jorgrun is almost dead.
Jorgrun hits you but does no damage. The grasping roots constrict you!!
* * * LOW HITPOINT WARNING * * *
You feel much better. Jorgrun gestures at you while chanting.
The iron shot hits you!!
* * * LOW HITPOINT WARNING * * *
The grasping roots constrict you!
You die...

.....~≈≈≈≈S≈≈.
.....≈≈≈≈≈≈≈~#
....~~≈≈≈≈≈~.#
.....~~≈≈≈≈..# .....≈≈~...#
######..##.....# ##
#......#.#.....# #.
#.#######g##.### #.
#.##......@#.# #.
#.##.#####..[# ###########.
#.##.#...#.#.# #...........
#.##.....#.#..##.##########
#.####.###.#.###.<# #.#
#.#.#.#.# #..#
#.####...#.#.###..#
#..........#......#
########.########.#


You could see Jorgrun.

Vanquished Creatures
  Harold (D:9)
  2 boulder beetles
  3 two-headed ogres
  8 death yaks (D:10)
  Pikel (D:6)
  A deep elf pyromancer (D:10)
  3 cyclopes
  A manticore (D:11)
  Maurice (D:13)
  Joseph (D:7)
  2 gargoyles
  An unseen horror (D:11)
  Maggie (D:7)
  8 trolls
  A hornet (D:9)
  11 slime creatures (D:12)
  A shadow (D:11)
  3 wraiths
  3 wyverns (D:10)
  11 yaks
  A vampire (D:11)
  A steam dragon (D:9)
  5 vampire mosquitoes
  Menkaure (D:7)
  An acid dragon (D:10)
  2 sky beasts
  Pargi (Sewer)
  A black bear (D:7)
  8 orc warriors
  2 ice beasts
  8 centaurs
  An ogre (D:6)
  2 kobold brigands
  A gnoll sergeant (D:7)
  6 scorpions
  2 bullfrogs
  10 wights
  16 killer bees
  5 howler monkeys
  7 hounds
  Crazy Yiuf (D:2)
  4 orc priests
  2 gnoll boudas
  4 jellies
  2 iguanas
  9 orc wizards
  Robin (D:3)
  13 gnolls
  3 river rats (D:4)
  13 adders
  3 shadow imps
  A white imp (D:7)
  2 ufetubi
  11 worms
  2 dart slugs
  27 orcs
  5 endoplasms
  A giant cockroach (D:2)
  17 goblins
  5 hobgoblins
  6 jackals
  6 quokkas
  6 ball pythons
  3 bats
  A frilled lizard (D:1)
  18 kobolds
  9 rats
320 creatures vanquished.

Notes
Turn   | Place    | Note
-------+----------+-------------------------------------------
     0 | D:1      | Anriel the Human Gladiator began the quest for the Orb.
     0 | D:1      | Reached XP level 1. HP: 16/16 MP: 1/1
    37 | D:1      | Found a faded altar of an unknown god.
   137 | D:1      | Reached skill level 1 in Armour
   137 | D:1      | Reached XP level 2. HP: 20/22 MP: 2/2
   648 | D:2      | Reached XP level 3. HP: 28/28 MP: 3/3
   790 | D:2      | Found a runed translucent door.
   791 | D:2      | Noticed Crazy Yiuf
   798 | D:2      | Killed Crazy Yiuf
   799 | D:2      | Reached XP level 4. HP: 17/34 MP: 4/4
  1408 | D:3      | Noticed Robin
  1427 | D:3      | Reached XP level 5. HP: 40/40 MP: 5/5
  1435 | D:3      | Killed Robin
  1803 | D:3      | Identified a scroll of acquirement
  1803 | D:3      | Acquired the +6 eveningstar of Boubloiju {freeze, +Blink
                  | rC+ SInv}
  2024 | D:4      | Reached XP level 6. HP: 47/47 MP: 6/6
  2051 | D:4      | Found a glowing drain.
  2056 | Sewer    | Entered a sewer
  2114 | Sewer    | Noticed Pargi
  2121 | Sewer    | Killed Pargi
  2122 | Sewer    | Reached skill level 4 in Maces & Flails
  2472 | D:4      | Reached XP level 7. HP: 35/53 MP: 7/7
  2924 | D:5      | Entered Level 5 of the Dungeon
  2949 | D:5      | Reached skill level 5 in Maces & Flails
  3018 | D:5      | Reached skill level 1 in Evocations
  3025 | D:5      | Reached XP level 8. HP: 61/61 MP: 8/8
  3075 | D:5      | Found a staircase to the Ecumenical Temple.
  3084 | Temple   | Entered the Ecumenical Temple
  3120 | Temple   | Became a worshipper of Warmaster Okawaru
  3490 | D:5      | Found Hauk's Antique Weapon Shop.
  3770 | D:6      | Noticed Pikel
  3793 | D:6      | Killed Pikel
  3793 | D:6      | Reached * piety under Okawaru
  3794 | D:6      | Reached skill level 5 in Fighting
  3794 | D:6      | Reached skill level 5 in Armour
  3794 | D:6      | Reached XP level 9. HP: 58/68 MP: 9/9
  3817 | D:6      | Reached skill level 1 in Invocations
  3831 | D:6      | Reached skill level 5 in Evocations
  3989 | D:6      | Reached ** piety under Okawaru
  4615 | D:7      | Noticed Maggie
  4632 | D:7      | Killed Maggie
  4633 | D:7      | Reached skill level 5 in Invocations
  4649 | D:7      | Reached *** piety under Okawaru
  4701 | D:7      | Noticed Joseph
  4710 | D:7      | Killed Joseph
  4711 | D:7      | Reached skill level 5 in Dodging
  4711 | D:7      | Reached XP level 10. HP: 63/74 MP: 13/13
  4805 | D:7      | Reached skill level 5 in Throwing
  5182 | D:7      | Found a burning altar of Makhleb.
  5214 | D:7      | Noticed Menkaure
  5226 | D:7      | Killed Menkaure
  5227 | D:7      | Reached skill level 6 in Maces & Flails
  5744 | D:8      | Identified the +5 plate armour "Wesopn" {Harm rPois Int+3}
  6001 | D:8      | Received a gift from Okawaru
  6403 | D:9      | Noticed Harold
  6412 | D:9      | Killed Harold
  6412 | D:9      | Reached **** piety under Okawaru
  6413 | D:9      | Reached skill level 7 in Maces & Flails
  6521 | D:9      | Reached XP level 11. HP: 58/80 MP: 14/14
  6524 | D:9      | Reached skill level 8 in Maces & Flails
  6615 | D:9      | Reached ***** piety under Okawaru
  6895 | D:10     | Entered Level 10 of the Dungeon
  7032 | D:10     | Identified the +10 mace "Sedigash" {speed, rF++ Dex+3}
  7124 | D:10     | Received a gift from Okawaru
  7125 | D:10     | Reached skill level 9 in Maces & Flails
  7325 | D:10     | Noticed a cyclops
  7325 | D:10     | Noticed a two-headed ogre
  7330 | D:10     | Killed a cyclops
  7340 | D:10     | Killed a two-headed ogre
  7346 | D:10     | Noticed a deep elf pyromancer
  7366 | D:10     | Killed a deep elf pyromancer
  7366 | D:10     | Received a gift from Okawaru
  7368 | D:10     | Reached skill level 10 in Maces & Flails
  7635 | D:10     | Noticed a death yak
  7635 | D:10     | Noticed a death yak
  7640 | D:10     | Noticed a death yak
  7660 | D:10     | Killed a death yak
  7670 | D:10     | Killed a death yak
  7670 | D:10     | Identified the +2 pair of gloves of the Sea {Str+2}
                  | (Okawaru gifted it to you on level 10 of the Dungeon)
  7670 | D:10     | Received a gift from Okawaru
  7671 | D:10     | Reached XP level 12. HP: 60/86 MP: 8/15
  7685 | D:10     | Noticed a death yak
  7685 | D:10     | Noticed a death yak
  7685 | D:10     | Noticed a death yak
  7685 | D:10     | Noticed a death yak
  7691 | D:10     | Noticed a death yak
  7701 | D:10     | Killed a death yak
  7709 | D:10     | Killed a death yak
  7712 | D:10     | Killed a death yak
  7713 | D:10     | Reached skill level 11 in Maces & Flails
  7716 | D:10     | Killed a death yak
  7719 | D:10     | Killed a death yak
  7722 | D:10     | Killed a death yak
  7879 | D:10     | Found a staircase to the Lair.
  8080 | D:10     | Found a staircase to the Orcish Mines.
  8110 | D:10     | Noticed a two-headed ogre
  8118 | D:10     | Killed a two-headed ogre
  8643 | D:11     | Found a broken altar of Ashenzari.
  8734 | D:11     | Found a portal to a secret trove of treasure.
  8835 | D:11     | Reached skill level 12 in Maces & Flails
  9065 | D:12     | Noticed a boulder beetle
  9084 | D:12     | Reached skill level 10 in Evocations
  9089 | D:12     | Killed a boulder beetle
  9090 | D:12     | Reached XP level 13. HP: 72/92 MP: 16/16
  9112 | D:12     | Reached ****** piety under Okawaru
  9221 | D:12     | Received a gift from Okawaru
  9285 | D:12     | Reached skill level 10 in Armour
  9301 | D:12     | Identified the +2 buckler of Depression {rElec} (Okawaru
                  | gifted it to you on level 12 of the Dungeon)
  9301 | D:12     | Received a gift from Okawaru
  9320 | D:12     | Found a hide-covered altar of Uskayaw.
 10031 | D:13     | Found Mayg's Weapon Shoppe.
 10055 | D:13     | Noticed Maurice
 10063 | D:13     | Killed Maurice
 10398 | D:13     | Noticed Jorgrun
 10416 | D:13     | Constricted to death by Jorgrun

Illustrated notes

Levels and vault maps discovered:
D:1:      mrwooster_arrival_statue_2, layout_basic, basic_ecumenical_altar
D:2:      layout_rooms, minmay_split_cup_large, uniq_crazy_yiuf_cottage
D:3:      layout_rooms, uniq_robin
D:4:      layout_rooms, lightli_sewer_entry_pipes
D:5:      layout_basic, minmay_temple_entry_statues_pillars, serial_glass,
          glass_columns_c, glass_columns_b, serial_shops, shop
D:6:      layout_loops_ring, uniq_pikel
D:7:      layout_loops_ring, lightli_temple_of_fire, uniq_joseph, uniq_maggie,
          uniq_menkaure
D:8:      layout_loops_corners
D:9:      layout_rooms, uniq_harold
D:10:     nzn_winding_woodlands_three_and_one
          [nzn_winding_woodlands_5x15_sidewinder,
          nzn_winding_woodlands_5x15_eye,
          nzn_winding_woodlands_5x15_pathside_ponds,
          nzn_winding_woodlands_center_lodge], layout_basic, dpeg_lair_monsters,
          david_orc_3
D:11:     layout_small_grid, nicolae_trove_entry_diagonal,
          ashenzari_conservatory_becter
D:12:     layout_long_grid, nicolae_uskayaw_suspiria
D:13:     layout_basic, minmay_misc_feat_diagonals,
          amcnicky_mini_rare_corridor_liquid, nicolae_stop_n_shop_2,
          uniq_maurice, uniq_jorgrun
Temple:   regret_index_temple_sigil_plot

Skill      XL: |  1  2  3  4  5  6  7  8  9 10 11 12 13 |
---------------+----------------------------------------+-----
Armour         | 1 2 3 4 5 6 8 9 10 | 10.0
Fighting       | 3 4 5 |  5.5
Throwing       | 3 4 5 6 |  6.8
Maces & Flails | 4 5 7 10 12 | 12.6
Evocations     | 2 4 5 6 8 10 | 10.6
Invocations    | 5 6 |  6.3
Dodging        | 5 |  5.5

Action                     |  1- 3 |  4- 6 |  7- 9 | 10-12 | 13-15 || total
---------------------------+-------+-------+-------+-------+-------++-------
  Melee: Flail             |     8 |       |       |       |       ||     8
         Mace              |    41 |   298 |    32 |   116 |       ||   487
         Punch             |       |     3 |     3 |     4 |     1 ||    11
         Eveningstar       |       |     2 |   137 |   319 |   100 ||   558
  Throw: Javelin           |     4 |     3 |     1 |     2 |       ||    10
         Throwing net      |     2 |     2 |     3 |     3 |       ||    10
         Boomerang         |       |     6 |    28 |    75 |    54 ||   163
 Invoke: Heroism           |       |       |       |     1 |       ||     1
         Finesse           |       |       |       |     1 |       ||     1
    Use: Scroll            |     8 |     9 |     6 |     5 |       ||    28
         Potion            |       |       |     4 |     3 |     2 ||     9
   Stab: Held in net/web   |     1 |       |     2 |     1 |       ||     4
 Armour: Leather armour    |     2 |       |       |       |       ||     2
         Scale mail        |    25 |   170 |    16 |       |       ||   211
         Chain mail        |       |       |    66 |    41 |       ||   107
         Plate armour      |       |       |       |   212 |    42 ||   254
  Dodge: Dodged            |    31 |   145 |    66 |   121 |    17 ||   380
  Block: Other             |       |       |    34 |    73 |     4 ||   111
         Reflection        |       |       |     2 |     5 |     1 ||     8
         Buckler           |       |       |       |       |    26 ||    26
